 Dungeon Crawl Stone Soup version 0.29.1-2-gbd0b4ee654 (webtiles) character file.

Game seed: 16671504037508122825

364 Icepheonix32 the Insei (level 6, -11/57 HPs)
             Began as an Octopode Transmuter on Nov 20, 2022.
             Was an Initiate of Gozag.
             Mangled by an ogre
             ... wielding a +0 giant club
              (26 damage)
             ... on level 4 of the Dungeon.
             The game lasted 00:03:32 (3347 turns).

Icepheonix32 the Insei (Octopode Transmuter)        Turns: 3347, Time: 00:03:32

Health: -11/57     AC: 23    Str:  8    XL:     6   Next: 67%
Magic:  9/9        EV:  2    Int: 20    God:    Gozag
Gold:   46         SH:  0    Dex: 13    Spells: 3/9 levels left

rFire   . . .      SeeInvis .     - Unarmed
rCold   . . .      Faith    .   (no shield)
rNeg    . . .      Spirit   .   (helmet currently unavailable)
rPois   +          Reflect  .   (no amulet)
rElec   .          Harm     .   q - +4 ring of slaying
rCorr   .          Rampage  .   (no ring)
Will    .....      NoTele   +   (no ring)
Stlth   +.........              (no ring)
HPRegen 0.19/turn               (no ring)
MPRegen 0.11/turn               (no ring)
                                (no ring)
                                (no ring)

@: tree-form
A: stationary, stasis, torment immunity, boosted hp, almost no armour,
(amphibious), 8 rings, (camouflage 1), (gelatinous body 1), (nimble swimmer 1),
(tentacles), (tentacle spike 1), clever 1, (fire resistance 1)
a: Renounce Religion, Potion Petition, Call Merchant, Bribe Branch


You were on level 4 of the Dungeon.
You worshipped Gozag.
Gozag was noncommittal.
You were a tree.
You visited 2 branches of the dungeon, and saw 5 of its levels.

You collected 96 gold pieces.
You paid 50 gold pieces to Gozag.

Inventory:

Jewellery
 q - a +4 ring of slaying (left branch)
Scrolls
 b - a scroll of vulnerability
 h - a scroll of summoning
 j - a scroll of blinking
 k - a scroll of fear {unknown}
 l - a scroll of butterflies {unknown}
 p - a scroll of immolation {unknown}
 r - a scroll of enchant armour {unknown}
Potions
 a - a potion of berserk rage {unknown}
 c - 2 potions of haste {unknown}
 d - a potion of mutation
 e - a potion of attraction
 f - a potion of magic
 g - a potion of resistance {unknown}
 i - 3 potions of lignification
 m - a potion of ambrosia {unknown}
 n - a potion of flight {unknown}
 o - a potion of brilliance {unknown}


   Skills:
 + Level 1.1 Fighting
 * Level 3.4 Dodging
 + Level 5.6 Unarmed Combat
 - Level 2.0 Spellcasting
 + Level 4.0 Transmutations


You had 3 spell levels left.
You knew the following spells:

 Your Spells              Type           Power      Damage    Failure   Level
a - Beastly Appendage     Tmut           36%        N/A       3%          1
b - Spider Form           Tmut/Pois      10%        N/A       21%         3
c - Wereblood             Tmut           18%        N/A       4%          2

Your spell library contained the following spells:

 Spells                   Type           Power      Damage    Failure   Level
 Passwall                 Tmut/Erth      8%         N/A       11%         2
 Sandblast                Erth           4%         2d4       16%         1
 Static Discharge         Conj/Air       2%         3-4/arc   24%         2
 Stone Arrow              Conj/Erth      4%         3d7       43%         3
 Ice Form                 Ice/Tmut       10%        N/A       56%         4
 Dispel Undead            Necr           2%         3d7       83%         4
 Sticky Flame             Conj/Fire      2%         2d3       83%         4


Dungeon Overview and Level Annotations

Branches:
Dungeon (4/15)             Temple (1/1) D:4

Altars:
Elyvilon
Gozag
Hepliaklqana
Kikubaaqudgha
Makhleb
Qazlal
Sif Muna
Trog
Uskayaw
Zin


Innate Abilities, Weirdness & Mutations

You are a tree.
Your roots penetrate the ground, keeping you stationary.
You cannot be teleported.
You are immune to unholy pain and torment.
Your maximum health is greatly increased.
You cannot wear most types of armour.
((You are amphibious.))
You can wear up to eight rings at the same time.
((Your skin changes colour to match your surroundings (Stealth+).))
((Your rubbery body absorbs attacks. (AC +1, EV +1)))
((You are camouflaged when in or above water. (Stealth+)))
((You have tentacles for arms and can constrict up to eight enemies at once.))
((One of your tentacles bears a spike.))
Your mind is acute. (Int +4, Str/Dex -1)
((Your flesh is heat resistant. (rF+)))


Message History

HP restored.
Found a stormy altar of Qazlal.
Found a white marble altar of Elyvilon.
There is an opulent altar of Gozag here.
You curl up in front of the altar of Gozag.
Gozag welcomes you!
You pay a service fee of 50 gold.
Unknown command.
Press < or > to pray at altars.
(D) Dungeon (T) Temple
Where to? (Enter - Temple @ (x,y), ? - help)
There is a bloodstained altar of Trog here.
There is a staircase back to the Dungeon here.
You climb upwards.
Welcome back to the Dungeon!
There is a staircase to the Ecumenical Temple here.
An ogre is nearby!
An ogre is nearby!
The ogre shouts!
An ufetubus comes into view.
The ogre hits you with a +0 giant club!!
Ouch! That really hurt!
* * * LOW HITPOINT WARNING * * *
There is a fountain of clear blue water here.
You are too injured to fight recklessly!
You are too injured to fight recklessly!
You are too injured to fight recklessly!
You are too injured to fight recklessly!
You are too injured to fight recklessly!
You are too injured to fight recklessly!
You are too injured to fight recklessly!
You are too injured to fight recklessly!
You are too injured to fight recklessly!
You are too injured to fight recklessly!
You are too injured to fight recklessly!
Unknown command.
Really quaff the potion of lignification?
You turn into a tree.
Your roots penetrate the ground.
The ogre hits you with a +0 giant club!!
You die...
Your body crumbles into a pile of gold.

.<#.##### .##.#...#
.##.#...# .##.#...#
........# #####
.##.#...# #.).# $
......###+#####.>.######
###.###................#
......'...)..†⌠.♣.⌠....#
###.###.......8.8O8....#
#.# ##+###.........5.#
#.# ###..##...... #.#
........... #.#
.....[...... #.#
#............ #.
#............ ###


You could see an ogre and an ufetubus.

Vanquished Creatures
  Sigmund (D:2)
  A scorpion (D:3)
  A hound (D:4)
  Natasha (D:2)
  4 adders (D:2)
  A worm (D:4)
  2 orcs (D:4)
  9 endoplasms
  A giant cockroach (D:3)
  9 goblins
  2 hobgoblins (D:4)
  3 jackals (D:1)
  6 kobolds
  3 quokkas
  3 ball pythons
  2 bats
  4 frilled lizards
  3 rats
56 creatures vanquished.

Notes
Turn   | Place    | Note
-------+----------+-------------------------------------------
     0 | D:1      | Icepheonix32 the Octopode Transmuter began the quest for
                  | the Orb.
     0 | D:1      | Reached XP level 1. HP: 13/13 MP: 3/3
   120 | D:1      | Found a faded altar of an unknown god.
   446 | D:1      | Reached XP level 2. HP: 12/18 MP: 1/5
  1084 | D:1      | Gained mutation: You have hidden genetic potential. [potion
                  | of mutation]
  1084 | D:1      | Gained mutation: Your flesh is heat resistant. (rF+)
                  | [potion of mutation]
  1110 | D:2      | Reached XP level 3. HP: 16/23 MP: 4/6
  1114 | D:2      | Learned a level 3 spell: Spider Form
  1117 | D:2      | Learned a level 2 spell: Wereblood
  1563 | D:2      | Noticed Sigmund
  1572 | D:2      | Gained mutation: Your mind is acute. (Int +4, Str/Dex -1)
                  | [hidden potential]
  1589 | D:2      | Killed Sigmund
  1590 | D:2      | Reached skill level 5 in Unarmed Combat
  1590 | D:2      | Reached XP level 4. HP: 13/28 MP: 5/7
  1590 | D:2      | Reached XP level 5. HP: 16/33 MP: 5/8
  1600 | D:2      | Gained mutation: One of your tentacles bears a spike.
                  | [hidden potential]
  1600 | D:2      | Lost mutation: You have hidden genetic potential. [hidden
                  | potential expressed]
  2136 | D:2      | Noticed Natasha
  2140 | D:2      | Killed Natasha
  2141 | D:2      | Reached XP level 6. HP: 38/38 MP: 9/9
  2162 | D:2      | You fall into a shaft and drop 1 floor!
  3271 | D:4      | Found a staircase to the Ecumenical Temple.
  3286 | Temple   | Entered the Ecumenical Temple
  3336 | Temple   | Became a worshipper of Gozag Ym Sagoz the Greedy
  3347 | D:4      | Mangled by an ogre

Illustrated notes

Levels and vault maps discovered:
D:1:      nicolae_arrival_washed_ashore, layout_basic,
          ebering_ecumenical_altar_box
D:2:      layout_basic, uniq_natasha, uniq_sigmund
D:3:      layout_loops_ring
D:4:      layout_basic, slow_altar_2, nicolae_ru_path_of_blood,
          mainiacjoe_overflow_divided_tiny,
          minmay_temple_entry_drinking_statues, gammafunk_ghost_smash, uniq_ijyb
Temple:   nicolae_temple_x_marks_the_god

Skill      XL: |  1  2  3  4  5  6 |
---------------+-------------------+-----
Unarmed Combat | 5 |  5.6
Transmutations | 3 4 |  4.0
Dodging        | 3 |  3.4
Fighting       | |  1.1
Spellcasting   | |  2.0

Action                   |  1- 3 |  4- 6 || total
-------------------------+-------+-------++-------
Melee: Unarmed           |    60 |    72 ||   132
       Kick              |    14 |    17 ||    31
       Tentacles         |    11 |    16 ||    27
       Constrict         |    12 |    14 ||    26
       Punch             |     2 |     4 ||     6
 Cast: Beastly Appendage |    17 |       ||    17
       Wereblood         |     1 |       ||     1
  Use: Scroll            |     5 |       ||     5
       Potion            |     3 |     1 ||     4
 Stab: Sleeping          |     3 |     3 ||     6
Armor: Skin              |    10 |     6 ||    16
Dodge: Dodged            |    29 |    35 ||    64
